AoeStats
← Bilbo T Baggins

Golden Pit

510215163Analyzed
1v1 RM · 4d ago on Sep 30, 2026· 48m 26s· 2 players
Game mode
Random Map
Map size
Tiny (2 player)
Population
200
Speed
Normal
Resources
Standard
Victory
Conquest
Starting age
Dark Age
Ending age
Imperial Age
RankedLock teamsTeams togetherTeam positionsShared explorationLock speedFull tech treeHidden civsTurbo modeCheats
Victory
Defeat
🇺🇸 Lithuanians · United States
1051
+16
🇵🇹 Varangians · Portugal
1053
-16
Bilbo T Baggins
7:47 Loom
10:48 Feudal Age
11:31 Feudal Age
12:04 Double-Bit Axe
12:00 Horse Collar
12:54 Town Watch
16:24 Castle Age
17:33 Pikeman
18:28 Forging
24:03 Wheelbarrow
28:21 Fletching
29:31 Iron Casting
29:13 Bodkin Arrow
33:39 Iron Casting
33:04 Scale Mail Armor
35:21 Squires
39:55 Imperial Age
38:12 Gold Mining
38:14 Stone Mining
44:52 Conscription
45:38 Halberdier
46:21 Bracer
47:12 Arson
49:06 Chemistry
Laton
7:38 Loom
10:13 Feudal Age
12:11 Bloodlines
15:05 Double-Bit Axe
15:53 Horse Collar
22:55 Castle Age
23:23 Forging
23:19 Scale Barding Armor
23:38 Gold Mining
24:04 Husbandry
24:34 Bow Saw
27:15 Bow Saw
27:42 Chain Barding Armor
27:21 Stone Mining
31:28 Wheelbarrow
38:40 Hand Cart
39:59 Iron Casting
39:48 Vendel Legacy
43:54 Imperial Age
44:39 Cavalier
46:40 Ballistics
47:39 Chemistry
48:09 Blast Furnace
47:45 Plate Barding Armor
48:11 Guilds
Connection lost

Rejoining the realm…

Still unreachable

The connection could not be restored.

Session expired

The server has moved on; the page needs a fresh start.